 Dungeon Crawl Stone Soup version 0.27-a0-531-gb72ec1a1b6 (webtiles) character file.

Game seed: 16559492050580922422

11 srzhan31 the Vexing (level 2, -2/11 HPs)
             Began as a Felid Enchanter on Mar 5, 2021.
             Slain by a hobgoblin (4 damage)
             ... on level 1 of the Dungeon.
             The game lasted 00:02:16 (349 turns).

srzhan31 the Vexing (Felid Enchanter)                Turns: 349, Time: 00:02:17

Health: -2/11      AC:  1    Str:  4    XL:     2   Next: 17%
Magic:  2/6        EV: 17    Int: 16    God:
Gold:   52         SH:  0    Dex: 16    Spells: 2/5 levels left
                                        Lives:  0   Deaths: 0

rFire    . . .     SeeInvis +     - Unarmed
rCold    . . .     Faith    .   (shield unavailable)
rNeg     . . .     Spirit   .   (armour unavailable)
rPois    .         Reflect  .   (helmet unavailable)
rElec    .         Harm     .   (cloak unavailable)
rCorr    .         Rampage  .   (gloves unavailable)
Will     .....                  (boots unavailable)
Stlth    +++.......             (no amulet)
HPRegen  0.03/turn              (no ring)
MPRegen  0.10/turn              (no ring)

@: very slightly contaminated, quick
A: very small, claws 1, fangs 3, see invisible, speed 1, shaggy fur 1, stealthy
paws, no weapons or thrown items, no armour, multi-lived
a: no special abilities


You were on level 1 of the Dungeon.
You visited 1 branch of the dungeon, and saw 1 of its levels.

You collected 52 gold pieces.

Inventory:

Potions
 a - a potion of curing {unknown}


   Skills:
 * Level 0.2 Fighting
 * Level 2.9 Dodging
 * Level 4.2 Stealth
 * Level 1.1 Unarmed Combat
 * Level 2.0 Spellcasting
 * Level 4.7 Hexes


You had 2 spell levels left.
You knew the following spells:

 Your Spells              Type           Power      Damage    Failure   Level
a - Corona                Hex            17%        N/A       3%          1
b - Ensorcelled Hibernat  Hex/Ice        18%        N/A       12%         2

Your spell library contained the following spells:

 Spells                   Type           Power      Damage    Failure   Level
 Confusing Touch          Hex            16%        N/A       9%          3
 Tukima's Dance           Hex            16%        N/A       9%          3
 Dazzling Flash           Conj/Hex       18%        N/A       24%         3


Dungeon Overview and Level Annotations

Branches:
Dungeon (1/15)

Altars:


Innate Abilities, Weirdness & Mutations

You have sharp claws.
You have razor-sharp teeth.
You have supernaturally acute eyesight. (SInv)
You cover ground quickly. (Speed+)
You are covered in fur. (AC +1)
Your stealthy paws help you sneak and pounce on unaware monsters.
You are incapable of wielding weapons or throwing items.
You cannot wear armour.
You gain extra lives every three experience levels.


Message History

You scratch the bat but do no damage.
The bat is moderately wounded.
The bat hits you. The hobgoblin hits you.
* * * LOW HITPOINT WARNING * * *
The bat completely misses you. The hobgoblin barely misses you.
You barely miss the hobgoblin. The bat closely misses you.
The hobgoblin closely misses you.
You barely miss the hobgoblin. The bat barely misses you.
The hobgoblin closely misses you. The bat misses you. The bat hits you.
* * * LOW HITPOINT WARNING * * *
The bat hits you but does no damage. The bat closely misses you.
The bat hits you but does no damage. The bat hits you but does no damage.
The bat hits you.
* * * LOW HITPOINT WARNING * * *
The bat misses you. The bat completely misses you. The bat misses you.
You scratch the bat.
You kill the bat!
You see here a giant cockroach corpse.
Casting: Corona (safe; 3% risk of failure)
Confirm with . or Enter, or press ? or * to list all spells.
Aiming: Ensorcelled Hibernation (safe; 12% risk of failure)
Press: ? - help, Shift-Dir - straight line, f - hobgoblin
Aim: a hobgoblin (chance to affect: 58%)
The hobgoblin resists with significant effort.
Casting: Ensorcelled Hibernation (safe; 12% risk of failure)
Confirm with . or Enter, or press ? or * to list all spells.
Aiming: Ensorcelled Hibernation (safe; 12% risk of failure)
Press: ? - help, Shift-Dir - straight line, f/p - hobgoblin
Aim: a hobgoblin (chance to affect: 58%)
You miscast Ensorcelled Hibernation.
You are very lightly contaminated with residual magic.
Nothing appears to happen.
You scratch the hobgoblin but do no damage.
The hobgoblin hits you.
You die...

##.................##
####....................
.>....#....ggg..........
...........#####.#.##...
.........).# #g#.# ....#
...........# #.#.# ....##.
......###### #g#. ....... #######
#g#.## ......## #@#..##.......#
#.##......##..##
###....#..#..##..# #########
#....)...........#.. #.[##...#
#.(......#..###..>..
#..##...######.>......#..# #†##..
.##..##.##............#..###†##.#
.##..##....###........##..##.##.#
#.<##...#### #............##.##..


You could see 2 hobgoblins and a goblin.

Vanquished Creatures
  3 giant cockroaches (D:1)
  3 goblins (D:1)
  A hobgoblin (D:1)
  A bat (D:1)
  2 rats (D:1)
10 creatures vanquished.

Notes
Turn   | Place    | Note
-------+----------+-------------------------------------------
     0 | D:1      | srzhan31 the Felid Enchanter began the quest for the Orb.
     0 | D:1      | Reached XP level 1. HP: 7/7 MP: 4/4
   243 | D:1      | Reached XP level 2. HP: 6/11 MP: 4/6
   247 | D:1      | Learned a level 2 spell: Ensorcelled Hibernation
   349 | D:1      | Slain by a hobgoblin

Illustrated notes

Levels and vault maps discovered:
D:1:      lightli_iron_boxes, layout_rooms, chequers_jeans, minmay_pentomino_z2

Action                   || total
-------------------------++-------
Melee: Unarmed           ||    37
       Punch             ||     1
       Bite              ||     1
 Cast: Corona            ||     5
       Ensorcelled Hiber ||     1
 Stab: Sleeping          ||     1
Armor: Skin              ||     3
Dodge: Dodged            ||    39

Table legend: (Time is in decaauts)
 A = Elapsed time spent in this place.
 B = Non-inter-level travel time spent in this place.
 C = Inter-level travel time spent in this place.
 D = Time resting spent in this place.
 E = Time spent auto-exploring this place.
 F = Levels seen in this place.
 G = Mean time per level.
                   A        B        C        D        E       F      G
               +--------+--------+--------+--------+--------+-----+--------+
         Total |    289 |    289 |      0 |      0 |      0 |   1 |  289.0 |
       Dungeon |    289 |    289 |      0 |      0 |      0 |   1 |  289.0 |
               +--------+--------+--------+--------+--------+-----+--------+

Top non-repeatable levels by time:
     D:1: 289 daAuts
